 Dungeon Crawl Stone Soup version 0.24.0-13-gcf9b3192b9 (webtiles) character file.

Game seed: 10734349280862472868, levelgen mode: deterministic

30 sking99 the Insei (level 3, 0/23 HPs)
             Began as an Octopode Transmuter on Nov 8, 2019.
             Slain by a jackal (1 damage)
             ... on level 2 of the Dungeon.
             The game lasted 00:01:35 (1497 turns).

sking99 the Insei (Octopode Transmuter)             Turns: 1497, Time: 00:01:35

Health: 0/23       AC:  2    Str:  9    XL:     3   Next: 20%
Magic:  3/6        EV: 19    Int: 16    God:
Gold:   47         SH:  0    Dex: 17    Spells: 0/6 levels left

rFire    . . .     SeeInvis .     - Unarmed
rCold    . . .     Gourm    .   (shield currently unavailable)
rNeg     . . .     Faith    .   (helmet currently unavailable)
rPois    x         Spirit   .   (no amulet)
rElec    .         Reflect  .   (no ring)
rCorr    .         Harm     .   (no ring)
MR       .....                  (no ring)
Stlth    ++........             (no ring)
HPRegen  0.07/turn              (no ring)
MPRegen  0.10/turn              (no ring)
                                (no ring)
                                (no ring)

@: spider-form
A: tiny, almost no armour, stealthy swim, (amphibious), 8 rings, (constrict 8)
a: End Transformation


You were on level 2 of the Dungeon.
You were not hungry.
You were a venomous arachnid creature.
You visited 1 branch of the dungeon, and saw 2 of its levels.

You collected 47 gold pieces.

Inventory:

Missiles
 a - 38 arrows
Jewellery
 i - an uncursed ring of see invisible {unknown}
Scrolls
 b - 2 scrolls of magic mapping {unknown}
 d - a scroll of identify {unknown}
 f - 2 scrolls of enchant armour {unknown}
 h - a scroll of remove curse {unknown}
Potions
 e - a potion of lignification {unknown}
Comestibles
 c - 2 rations
 g - 2 chunks of flesh


   Skills:
 + Level 1.5 Fighting
 - Level 2.0 Dodging
 * Level 3.5 Unarmed Combat
 + Level 2.3 Spellcasting
 + Level 2.3 Transmutations
 + Level 0.0 Poison Magic


You couldn't memorise any spells.
You knew the following spells:

 Your Spells              Type           Power        Failure   Level  Hunger
a - Beastly Appendage     Tmut           #.....       21%         1    #......
b - Sticks to Snakes      Tmut           #.......     28%         2    ###....
c - Spider Form           Tmut/Pois      #.........   58%         3    ###....

Your spell library contained the following spells:

 Spells                   Type           Power        Failure   Level  Hunger
 Ice Form                 Ice/Tmut       #.......     90%         4    #####..
 Blade Hands              Tmut           #.........   98%         5    ######.


Dungeon Overview and Level Annotations

Branches:
Dungeon (2/15)

Altars:
Xom


Innate Abilities, Weirdness & Mutations

You cannot wear most types of armour.
You are very stealthy in the water. (Stealth+)
((You are amphibious.))
You can wear up to eight rings at the same time.
((You can use your tentacles to constrict eight enemies at once.))
((Your skin changes colour to match your surroundings (Stealth+).))
((Your rubbery body absorbs attacks. (AC +1, EV +1)))


Message History

* * * LOW HITPOINT WARNING * * *
Your transformation is almost over.
You tentacle-slap the jackal. You grab the jackal.
You pierce the jackal.
The jackal is severely wounded.
You constrict the jackal. The jackal bites you.
* * * LOW HITPOINT WARNING * * *
You barely miss the jackal.
You pierce the jackal.
You kill the jackal!
The jackal bites you.
* * * LOW HITPOINT WARNING * * *
Casting: Beastly Appendage (safe; 8% risk of failure)
Confirm with . or Enter, or press ? or * to list all spells.
Your tentacle spike disappears.
You turn into a venomous arachnid creature.
The jackal closely misses you.
You barely miss the jackal.
The jackal bites you but does no damage.
You hit the jackal but do no damage.
The jackal is poisoned.
The jackal bites you.
You die...

..# ##'##'#.#.#
##.#.#.# ..#
#.......#.# #.#.#.#
..# #(......#.#
#.#.#.#
..###.......#.#
#.#.#.#
.......##+#.#.#
#.#.#.# ........#
#.#.# #.#.#.#
........# #.#.
#.#.#.# ........#
#.#.#####.#.#.# #
##......#
.#.hhs.#.#.#.# ..
#........#
#..####.#.#.###.###
##########
#..hh.#.#.#.......#
#.##.##.#.........#.#
.......h..........#
#.##.#...########.# #
#.#...# .# #.#.>.# #
#.#(..#


You could see 2 jackals.

Vanquished Creatures
  2 leopard geckos
  2 bats (D:2)
  2 giant cockroaches (D:1)
  5 hobgoblins
  5 jackals
  2 quokkas (D:2)
  A frilled lizard (D:1)
  2 goblins (D:1)
  3 rats (D:2)
24 creatures vanquished.

Notes
Turn   | Place    | Note
-------+----------+-------------------------------------------
     0 | D:1      | sking99 the Octopode Transmuter began the quest for the
                  | Orb.
     0 | D:1      | Reached XP level 1. HP: 13/13 MP: 3/3
   530 | D:1      | Reached XP level 2. HP: 18/18 MP: 3/5
  1227 | D:2      | Found a shimmering altar of Xom.
  1254 | D:2      | Reached XP level 3. HP: 19/23 MP: 4/6
  1265 | D:2      | Learned a level 2 spell: Sticks to Snakes
  1269 | D:2      | Learned a level 3 spell: Spider Form
  1494 | D:2      | HP: 1/23 [jackal (3)]
  1497 | D:2      | Slain by a jackal

Levels and vault maps discovered:
D:1:      dpeg_arrival_arbitrary_a, layout_loops_ring, st_stairs_14,
          hangedman_decor_push
D:2:      layout_basic, lemuel_crystal_altar

Action                   || total
-------------------------++-------
Melee: Unarmed           ||    52
       Constrict         ||    16
       Tentacles         ||     6
       Kick              ||     5
       Punch             ||     2
 Cast: Beastly Appendage ||    10
       Spider Form       ||     1
 Stab: Sleeping          ||     5
  Eat: Chunk             ||     2
Armor: Skin              ||     5
Dodge: Dodged            ||    42
